Map: Catalyst LE

Players

ShoWTimE

  • Race: Protoss Protoss
  • Spawn Location: 11:00

Clem - Winner!

  • Race: Terran Terran
  • Spawn Location: 5:00

Event: WCS Austin 2018

VOD

Have the link to the VOD?

Description

Time

  • Played on: June 1, 2018, 5:01 p.m.
  • Length: 9:12

All games in this series

Show
View Real Time Build Order
Export as new Build Order

ShoWTimE Protoss 

Build Orders: 1 Gate Expand, Double Forge, Blink Stalkers 

Get SALT Encoding   

  12  0:00  Probe  
  13  0:12  Probe  
  14  0:17  Pylon  
  14  0:23  Probe  
  15  0:31  Probe  
  15  0:38  Gateway  
  15  0:40  Probe  
  16  0:46  Assimilator  
  17  0:51  Probe  
  18  1:03  Probe  
  19  1:15  Probe  
  20  1:26  Nexus  
  20  1:33  Cybernetics Core  
  20  1:36  Probe  
  21  1:42  Assimilator  
  21  1:49  Probe  
  21  1:52  Pylon  
  22  2:01  Adept, Probe  
  23  2:10  Warp Gate  
  23  2:13  Probe  
  26  2:20  Stalker, Twilight Council  
  26  2:25  Probe  
  27  2:34  Probe  
  27  2:36  Blink  
  29  2:38  Probe  
  29  2:43  Probe  
  31  2:50  Probe  
  33  2:52  Probe  
  34  3:02  Probe  
  34  3:05  Probe  
  36  3:09  Stalker  
  38  3:15  Gateway  
  38  3:19  Gateway  
  38  3:22  Probe  
  38  3:23  Probe  
  40  3:31  Robotics Facility  
  40  3:34  Probe  
  40  3:36  Probe  
  42  3:41  Pylon  
  42  3:46  Probe  
  42  3:48  Probe  
  44  4:01  Nexus  
  44  4:04  Pylon  
  44  4:12  Observer  
  44  4:14  Stalker x2  
  48  4:17  Stalker  
  48  4:20  Probe  
  48  4:21  Probe  
  53  4:25  Assimilator  
  53  4:30  Observer  
  53  4:31  Pylon  
  53  4:32  Probe  
  53  4:33  Probe  
  56  4:42  Forge  
  56  4:44  Forge  
  57  4:53  Stalker  
  57  4:54  Stalker  
  57  4:56  Shield Battery  
  57  4:57  Stalker  
  62  5:00  Shield Battery  
  62  5:19  Stalker x2  
  58  5:26  Stalker  
  58  5:28  Protoss Ground Armor Level 1, Probe x2  
  49  5:39  Probe  
  49  5:40  Protoss Ground Weapons Level 1, Probe  
  49  5:41  Stalker x2  
  49  5:42  Probe  
  55  5:49  Stalker  
  55  5:51  Probe  
  55  5:52  Probe  
  55  5:54  Probe  
  58  6:00  Gateway  
  58  6:03  Charge, Probe  
  60  6:04  Probe  
  60  6:06  Probe  
  61  6:14  Gateway  
  61  6:15  Probe  
  61  6:16  Gateway, Probe  
  63  6:23  Gateway  
  63  6:25  Gateway  
  63  6:28  Probe x2  
  63  6:29  Sentry  
  67  6:34  Observer, Pylon  
  67  6:37  Probe  
  68  6:40  Probe x2  
  68  6:42  Immortal  
  74  6:49  Pylon  
  74  6:51  Probe  
  74  6:52  Probe x2  
  77  6:57  Sentry  
  77  6:58  Shield Battery  
  77  6:59  Sentry  
  77  7:00  Zealot x2  
  85  7:04  Pylon  
  85  7:06  Probe  
  85  7:07  Probe x2  
  88  7:10  Pylon  
  88  7:15  Immortal  
  88  7:20  Stalker  
  88  7:22  Zealot x3  
  100  7:29  Zealot x3  
  106  7:34  Zealot  
  98  7:44  Zealot x3  
  98  7:51  Immortal  
  98  7:58  Zealot x5  
  110  8:00  Probe  
  110  8:02  Assimilator  
  113  8:06  Zealot x2, Assimilator  
  113  8:21  Pylon  
  113  8:22  Pylon x2  
  111  8:28  Pylon x2  
  111  8:39  Zealot  
  111  8:40  Zealot  
  111  8:41  Zealot x3  
  117  8:52  Forge  
  117  8:55  Forge  
  105  9:00  Pylon  
  105  9:02  Zealot x4  
  94  9:09  Zealot  
Show
View Real Time Build Order
Export as new Build Order

Clem Terran - Winner!

Build Orders: Reaper Expand, MMM Bio 

Get SALT Encoding   

  12  0:00  SCV  
  13  0:12  SCV  
  14  0:17  Supply Depot  
  14  0:24  SCV  
  15  0:38  SCV  
  15  0:39  Barracks  
  16  0:44  Refinery  
  16  0:50  SCV  
  17  1:02  SCV  
  18  1:14  SCV  
  19  1:26  Reaper  
  19  1:27  Orbital Command  
  20  1:42  Command Center  
  20  1:52  SCV  
  21  1:57  Barracks  
  21  2:00  Barracks Reactor  
  21  2:04  SCV  
  22  2:10  Supply Depot  
  22  2:18  Barracks  
  22  2:21  SCV  
  23  2:35  SCV  
  23  2:36  Marine x2  
  26  2:46  Barracks Tech Lab  
  26  2:47  SCV  
  26  2:50  Engineering Bay  
  27  2:54  Marine x2  
  27  2:55  Orbital Command  
  29  2:59  SCV  
  30  3:07  Stimpack  
  30  3:10  Marine  
  30  3:11  SCV  
  32  3:12  Marine  
  32  3:17  Marine  
  34  3:22  SCV  
  34  3:23  SCV  
  34  3:24  Terran Infantry Weapons Level 1  
  34  3:26  Marine  
  37  3:30  Marine, Barracks Tech Lab  
  38  3:34  Supply Depot  
  38  3:37  SCV x2  
  40  3:45  Marine  
  41  3:48  Missile Turret  
  41  3:49  Marine x2, SCV  
  41  3:53  Combat Shields  
  44  3:56  Supply Depot  
  44  3:57  SCV  
  46  4:02  Marine  
  46  4:05  SCV  
  46  4:07  Marine  
  50  4:10  SCV  
  50  4:12  Marauder  
  50  4:14  Marauder  
  54  4:17  SCV  
  54  4:18  Supply Depot  
  54  4:20  Marine  
  54  4:22  Refinery  
  54  4:23  Refinery  
  55  4:25  Marine, SCV  
  55  4:29  SCV  
  58  4:36  Marine x2  
  58  4:37  Supply Depot, SCV  
  58  4:38  Marine  
  61  4:41  SCV  
  61  4:43  Marine  
  64  4:49  SCV  
  64  4:51  Refinery, Factory  
  65  4:54  Supply Depot, SCV  
  65  4:56  Marine  
  67  5:01  Marauder, Marine  
  67  5:02  SCV  
  67  5:03  Marauder  
  71  5:09  SCV  
  70  5:15  SCV  
  69  5:21  SCV  
  69  5:22  Marauder  
  69  5:26  Marine x2  
  69  5:27  Marauder, SCV  
  73  5:34  SCV  
  73  5:35  Factory Reactor  
  73  5:38  Starport  
  68  5:46  Marine x2  
  68  5:47  Marauder  
  68  5:48  SCV  
  69  5:54  Barracks  
  69  5:55  Supply Depot  
  69  5:56  Barracks  
  69  5:57  Terran Infantry Armor Level 1  
  68  6:02  Command Center  
  68  6:04  Marine x2  
  68  6:07  Marauder  
  68  6:09  Marauder  
  68  6:11  Supply Depot  
  74  6:18  Concussive Shells  
  74  6:20  Medivac  
  74  6:21  Medivac, Marine, Factory Reactor  
  74  6:22  Marine  
  74  6:25  Supply Depot  
  80  6:29  Marauder  
  80  6:31  Marauder  
  84  6:35  Supply Depot  
  84  6:39  Marine x2  
  84  6:44  Barracks Reactor, Barracks Tech Lab  
  84  6:45  Supply Depot  
  86  6:50  Medivac  
  86  6:51  Marauder, Medivac  
  86  6:53  Marauder  
  94  6:57  Marine x2  
  96  7:05  Marauder  
  100  7:08  Widow Mine  
  100  7:09  Widow Mine  
  100  7:11  Supply Depot x2  
  100  7:12  Marauder  
  100  7:14  Orbital Command  
  100  7:15  Marine x2  
  105  7:17  SCV  
  105  7:18  SCV  
  105  7:21  Marine x2  
  110  7:25  Medivac  
  110  7:27  Medivac  
  115  7:30  Marauder  
  115  7:31  Marauder  
  115  7:32  SCV  
  117  7:37  Marine x2  
  117  7:38  Marauder  
  117  7:43  Widow Mine x2  
  122  7:52  Armory, SCV  
  122  7:53  Engineering Bay  
  123  7:59  Medivac x2  
  123  8:05  Marauder, SCV  
  130  8:06  Widow Mine x2  
  130  8:09  Marine x2  
  131  8:20  SCV  
  131  8:23  Marine x2  
  131  8:25  SCV  
  131  8:26  Marauder x2, SCV  
  140  8:28  Refinery, Widow Mine x2  
  140  8:29  Refinery  
  140  8:32  SCV  
  145  8:39  Medivac  
  144  8:42  SCV  
  144  8:46  SCV  
  144  8:48  Marauder, SCV  
  141  8:49  Widow Mine x2  
  141  8:53  Marine x5  
  141  8:54  SCV  
  148  8:58  SCV  
Tags
 
Add a new tag
Caveats
  • Supply blocks, unpowered buildings, or Contaminate may cause inaccurate times.
  • Supply counts are checked every 10 seconds.